Map: 뉴커크 재개발 지구 - 토너먼트 (공허의 유산)

Players

Maru - Winner!

  • Race: Terran Terran
  • League: Diamond
  • Spawn Location: 7:00

Rex

  • Race: Zerg Zerg
  • Spawn Location: 5:00

Event: WESG 2016 Finals

VOD

Have the link to the VOD?

Description

Time

  • Played on: Jan. 12, 2017, 5:05 a.m.
  • Length: 10:05

All games in this series

Show
View Real Time Build Order
Export as new Build Order

Maru Terran - Winner!

Build Orders: Command Center First (CC) 

Get SALT Encoding   

  12  0:00  SCV  
  13  0:13  SCV  
  14  0:18  Supply Depot  
  14  0:25  SCV  
  15  0:40  SCV  
  16  0:52  SCV  
  17  1:00  Command Center  
  17  1:04  SCV  
  18  1:15  Barracks  
  18  1:18  SCV  
  19  1:24  Refinery  
  19  1:30  SCV  
  19  1:32  Refinery  
  20  1:42  SCV  
  22  1:54  SCV  
  22  2:01  Marine  
  23  2:09  Orbital Command  
  23  2:12  Orbital Command  
  23  2:17  Factory  
  23  2:20  Barracks Reactor  
  23  2:34  Supply Depot  
  23  2:36  SCV  
  24  2:38  SCV  
  25  2:46  Factory  
  25  2:48  SCV  
  25  2:50  SCV  
  27  3:01  SCV  
  27  3:02  SCV  
  27  3:04  Barracks Reactor  
  29  3:08  Hellion x2  
  29  3:12  Supply Depot  
  33  3:13  SCV  
  33  3:15  SCV  
  35  3:25  SCV  
  37  3:27  SCV  
  37  3:30  Cyclone x2  
  43  3:38  SCV  
  43  3:39  SCV  
  45  3:41  Supply Depot  
  45  3:45  Hellion x2  
  49  3:50  SCV  
  49  3:51  SCV  
  49  3:53  Supply Depot  
  54  4:02  Cyclone  
  54  4:03  Cyclone  
  54  4:06  SCV  
  54  4:08  Supply Depot  
  58  4:11  SCV  
  58  4:13  Hellion  
  58  4:14  Hellion  
  58  4:16  Supply Depot  
  63  4:22  Armory  
  63  4:23  SCV x2  
  65  4:34  Hellion  
  65  4:35  Hellion  
  65  4:36  Hellion  
  73  4:39  Cyclone  
  73  4:42  SCV x2  
  76  4:51  Supply Depot  
  76  4:57  Hellion  
  76  4:58  Hellion x2  
  82  5:05  SCV  
  83  5:10  Command Center  
  83  5:18  Hellion  
  83  5:19  Cyclone  
  84  5:24  Hellion, Cyclone  
  77  5:33  SCV  
  76  5:37  Terran Vehicle Weapons Level 1  
  76  5:38  Refinery x2, SCV  
  79  5:43  Hellion  
  79  5:45  SCV  
  80  5:50  SCV  
  75  5:58  SCV  
  75  6:02  SCV  
  75  6:04  Cyclone  
  75  6:09  Hellion, Cyclone  
  75  6:10  SCV  
  81  6:14  SCV  
  81  6:15  Refinery  
  82  6:18  Cyclone  
  82  6:19  Refinery  
  82  6:22  SCV  
  86  6:27  Orbital Command  
  86  6:39  Cyclone x2  
  92  6:41  Hellion, SCV  
  92  6:42  SCV  
  93  6:51  Hellion  
  93  6:53  SCV  
  90  6:54  SCV  
  90  6:55  SCV  
  90  7:05  SCV, Cyclone  
  90  7:06  SCV  
  90  7:07  SCV  
  96  7:09  Factory  
  96  7:14  Factory  
  96  7:17  SCV  
  96  7:19  SCV  
  96  7:20  SCV, Supply Depot  
  102  7:22  Cyclone  
  102  7:23  Hellion  
  102  7:29  SCV  
  105  7:31  SCV  
  105  7:32  SCV  
  106  7:38  Supply Depot  
  106  7:39  Supply Depot  
  106  7:42  SCV  
  106  7:43  SCV  
  106  7:44  SCV, Cyclone x2  
  107  7:45  Hellion  
  107  7:49  Hellion x6  
  107  7:50  Supply Depot x2  
  115  7:53  Supply Depot  
  115  7:54  SCV  
  115  7:55  SCV  
  115  7:58  Factory Reactor x2  
  117  8:00  Hellion, Factory  
  117  8:02  SCV  
  117  8:04  Supply Depot  
  120  8:06  SCV  
  120  8:07  SCV  
  122  8:13  Cyclone  
  122  8:16  Cyclone x2  
  122  8:18  SCV x2  
  122  8:19  SCV  
  134  8:23  Armory  
  134  8:37  Hellion x4  
  134  8:38  Cyclone  
  145  8:45  Cyclone  
  148  8:50  Factory Tech Lab  
  148  8:51  Cyclone  
  148  8:52  Cyclone  
  154  8:56  Supply Depot  
  154  8:58  Hellion x3  
  160  9:04  Cyclone  
  160  9:05  Supply Depot  
  160  9:06  Supply Depot  
  161  9:14  Hellion x2  
  163  9:22  Cyclone  
  166  9:27  Command Center  
  166  9:28  Cyclone x2  
  172  9:34  Hellion  
  172  9:38  Hellion x2  
Show
View Real Time Build Order
Export as new Build Order

Rex Zerg 

Build Orders: Hatch First 

Get SALT Encoding   

  12  0:01  Drone  
  13  0:09  Drone  
  14  0:18  Overlord  
  14  0:23  Extractor  
  14  0:24  Drone  
  15  0:36  Drone x2  
  17  0:54  Hatchery  
  17  0:57  Drone  
  17  1:00  Drone  
  18  1:06  Extractor  
  17  1:16  Spawning Pool  
  16  1:18  Drone  
  16  1:21  Drone  
  18  1:27  Drone  
  19  1:38  Overlord  
  19  2:02  Queen  
  19  2:04  Zergling x4  
  19  2:06  Queen  
  19  2:07  Metabolic Boost  
  25  2:10  Drone  
  25  2:13  Drone  
  27  2:17  Drone  
  28  2:25  Drone  
  29  2:30  Drone  
  29  2:31  Drone  
  31  2:38  Queen  
  31  2:41  Queen  
  35  2:47  Overlord  
  35  2:50  Drone  
  36  2:53  Overlord  
  36  3:07  Drone x3  
  36  3:12  Drone x4  
  43  3:15  Drone x2  
  43  3:17  Drone  
  46  3:24  Drone  
  46  3:25  Drone  
  48  3:33  Hatchery  
  47  3:40  Roach Warren  
  46  3:43  Drone x2  
  46  3:44  Drone  
  46  3:48  Drone x3  
  52  3:51  Extractor  
  52  3:52  Overlord  
  51  3:55  Drone  
  51  4:00  Drone, Extractor  
  52  4:03  Evolution Chamber  
  51  4:11  Overlord  
  51  4:15  Overlord x2  
  51  4:24  Roach  
  51  4:25  Roach x3  
  59  4:33  Roach x5  
  69  4:41  Overlord  
  69  4:42  Zergling x2  
  70  4:46  Ravager x2  
  70  4:47  Zergling x4  
  74  4:53  Zergling x2  
  74  4:54  Zergling x10  
  80  5:04  Zergling x4  
  80  5:19  Zergling x12  
  76  5:22  Roach  
  76  5:23  Roach  
  76  5:28  Roach x2  
  75  5:29  Roach  
  75  5:32  Roach  
  75  5:33  Lair  
  75  5:35  Roach  
  79  5:36  Ravager  
  79  5:38  Roach  
  79  5:41  Roach x2  
  79  5:42  Roach  
  88  5:43  Roach  
  88  5:48  Roach  
  92  5:52  Roach  
  92  5:56  Roach  
  87  6:02  Roach, Zergling x4  
  87  6:03  Zergling x10  
  95  6:07  Zergling x2  
  95  6:10  Zerg Missile Weapons Level 1  
  94  6:13  Zergling x4  
  94  6:16  Overlord  
  96  6:25  Zergling x4  
  98  6:32  Overlord  
  98  6:38  Overlord  
  98  6:39  Overlord, Zergling x2  
  100  6:40  Zergling x6  
  102  6:53  Zergling x14  
  95  6:56  Glial Reconstitution  
  93  7:03  Drone  
  94  7:09  Roach  
  94  7:10  Roach x2  
  98  7:16  Roach x2  
  97  7:23  Roach x3  
  97  7:27  Overlord x3  
  103  7:32  Roach  
  105  7:37  Overlord  
  102  7:45  Drone  
  102  7:46  Drone x5  
  102  7:47  Drone  
  102  7:51  Drone  
  109  7:55  Drone  
  109  7:56  Infestation Pit  
  109  7:57  Drone x3  
  109  7:58  Drone x2  
  114  7:59  Drone  
  114  8:01  Drone  
  114  8:05  Queen  
  118  8:08  Drone  
  118  8:12  Baneling Nest  
  118  8:17  Evolution Chamber  
  118  8:18  Drone  
  118  8:20  Drone x4  
  118  8:21  Drone  
  118  8:23  Overseer  
  123  8:31  Drone x2  
  123  8:32  Drone x5  
  123  8:34  Extractor  
  129  8:35  Extractor  
  129  8:36  Ravager  
  129  8:37  Ravager  
  129  8:39  Overlord x2  
  129  8:48  Overlord x2  
  129  8:54  Overlord  
  129  9:05  Roach  
  129  9:06  Roach x3  
  129  9:07  Ravager x4  
  129  9:08  Ravager  
  141  9:17  Roach x7  
  141  9:18  Roach x2  
  141  9:21  Ravager  
  158  9:33  Roach x5  
  158  9:37  Roach x4  
  146  9:39  Zergling x2  
  146  9:45  Roach, Zergling x2  
Tags
 
Add a new tag
Caveats
  • Supply blocks, unpowered buildings, or Contaminate may cause inaccurate times.
  • Supply counts are checked every 10 seconds.